 Dungeon Crawl Stone Soup version 0.20.1-1-g8b1a95d (webtiles) character file.

11120 Romulous the Cleaver (level 11, -10/97 HPs)
             Began as a Minotaur Fighter on Nov 9, 2017.
             Was a High Priest of Okawaru.
             Hit by a large rock thrown by a cyclops (17 damage)
             ... on level 1 of the Orcish Mines.
             The game lasted 00:50:23 (11049 turns).

Romulous the Cleaver (Minotaur Fighter)            Turns: 11049, Time: 00:50:23

Health: -10/97     AC: 17    Str: 24    XL:     11   Next: 45%
Magic:  10/10      EV:  9    Int:  5    God:    Okawaru [*****.]
Gold:   47         SH: 18    Dex: 10    Spells: 10/10 levels left

rFire    . . .     SeeInvis +   Z - +4 broad axe (holy)
rCold    . . .     Gourm    .   G - +0 large shield
rNeg     . . .     Faith    +   U - +0 chain mail
rPois    .         Spirit   .   n - +2 hat {SInv}
rElec    .         Reflect  .   R - +0 cloak
rCorr    .         Harm     .   z - +0 pair of gloves
MR       .....                  o - +0 pair of boots
Stlth    ..........             h - amulet of faith
Regen    0.3/turn               J - +2 ring of evasion
MPRegen  0.2/turn               (no ring)

@: about to teleport
A: retaliatory headbutt, horns 2
a: Heroism, Finesse, Renounce Religion


You were on level 1 of the Orcish Mines.
You worshipped Okawaru.
Okawaru was extremely pleased with you.
You were not hungry.

You visited 3 branches of the dungeon, and saw 12 of its levels.
You also visited: Ossuary.

You collected 775 gold pieces.
You spent 728 gold pieces at shops.

Inventory:

Hand Weapons
 X - a +2 battleaxe of freezing
 Z - a +4 broad axe of holy wrath (weapon)
Armour
 n - a +2 hat of see invisible (worn)
 o - a +0 pair of boots (worn)
 z - a +0 pair of gloves (worn)
 G - a +0 large shield (worn)
 R - a +0 cloak (worn)
 U - a +0 chain mail (worn)
Jewellery
 b - an uncursed amulet of the gourmand {unknown}
 h - an amulet of faith (around neck)
 j - an uncursed amulet of regeneration {unknown}
 J - a +2 ring of evasion (left hand)
 K - a cursed amulet of inaccuracy {unknown}
Wands
 t - a wand of paralysis (8/24)
 x - a wand of iceblast (8/15)
 y - a wand of enslavement (5/24)
 A - a wand of digging (11/24)
 D - a wand of paralysis (19/24)
 M - a wand of acid (1/15)
 P - a wand of lightning (3/15)
 S - a wand of flame (23/48)
 T - a wand of scattershot (4/9)
Scrolls
 a - a scroll of teleportation
 k - a scroll of blinking {unknown}
 q - 3 scrolls of amnesia
 r - 7 scrolls of remove curse
 C - a scroll of recharging {unknown}
 E - a scroll of magic mapping {unknown}
 L - a scroll of silence {unknown}
 O - a scroll of torment {unknown}
 Q - a scroll of enchant armour {unknown}
Potions
 c - a potion of agility {unknown}
 d - a potion of might
 e - 5 potions of brilliance {unknown}
 g - 2 potions of ambrosia {unknown}
 l - 3 potions of flight {unknown}
 m - 3 potions of degeneration {unknown}
 p - 6 potions of lignification {unknown}
 s - 2 potions of berserk rage {unknown}
 u - 7 potions of curing {unknown}
 v - 2 potions of cancellation {unknown}
 w - 5 potions of heal wounds {unknown}
 B - 3 potions of mutation {unknown}
 N - a potion of resistance {unknown}
 W - a potion of invisibility {unknown}
Books
 F - a book of Cantrips

   Spells                             Type                      Level
   a - Confusing Touch                Hexes                        1
   b - Animate Skeleton               Necromancy                   1
   c - Summon Small Mammal            Summoning                    1
   d - Apportation                    Translocation                1
 V - a book of Flames

   Spells                             Type                      Level
   a - Flame Tongue                   Conjuration/Fire             1
   b - Throw Flame                    Conjuration/Fire             2
   c - Conjure Flame                  Conjuration/Fire             3
   d - Inner Flame                    Hexes/Fire                   3
   e - Sticky Flame                   Conjuration/Fire             4
   f - Fireball                       Conjuration/Fire             5
Comestibles
 f - 3 bread rations
 i - 6 meat rations
 I - 5 royal jellies
 Y - 2 chunks of flesh


   Skills:
 + Level 9.1 Fighting
 + Level 13.8 Axes
 + Level 8.3 Armour
 + Level 4.7 Dodging
 + Level 2.0 Stealth
 + Level 11.2 Shields
 + Level 0.1 Evocations


You had 10 spell levels left.
You didn't know any spells.

Dungeon Overview and Level Annotations

Branches:
Dungeon (9/15)             Temple (1/1) D:5             Orc (2/2) D:9
   Lair: D:8-11         Elf: Orc:2

Altars:
Ashenzari
Cheibriados
Dithmenos
Elyvilon
Gozag
Hepliaklqana
Makhleb
Nemelex Xobeh
Okawaru
Qazlal
Sif Muna
Trog
Uskayaw
Vehumet
Xom
Yredelemnul
Zin
The Shining One

Shops:
D:9 ?


Innate Abilities, Weirdness & Mutations

You reflexively headbutt those who attack you in melee.
You have a pair of horns on your head.


Message History

You headbutt the orc warrior!
You kill the orc warrior!
Okawaru accepts your kill.
You climb upwards.
There is a stone staircase leading down here.
As you read the scroll of teleportation, it crumbles to dust.
You feel strangely unstable. The troll bites you but does no damage.
You block the troll's attack. The troll barely misses you.
Your surroundings suddenly seem different.
The orc high priest shouts!
The orc warrior shouts! x3
A cyclops comes into view.
The cyclops shouts!
The cyclops throws a large rock.
The large rock closely misses you.
Found a large rock.
An orc comes into view. It is wielding a short sword.
As you read the scroll of teleportation, it crumbles to dust.
You feel strangely unstable.
The orc high priest hits you but does no damage.
The cyclops throws a large rock.
The large rock hits you!
You die...

#o#.. ....#
####....
..#o.(
##..oo#
.....#
#.o.##
#.@o.#
.........##
##.......#
#...#C..##
##. #..## #
###


You could see an orc high priest, a cyclops, 3 orc warriors and 2 orcs.

Vanquished Creatures
  Harold (Orc:1)
  Erica (Orc:1)
  A two-headed ogre (D:7)
  Urug (Orc:1)
  The ghost of Vno the Slasher, a novice HuFi of the Shining One (D:5)
  A komodo dragon (D:9)
  A troll (Orc:2)
  Prince Ribbit (D:7)
  Sigmund (D:3)
  6 yaks (D:9)
  4 hogs (D:9)
  The ghost of homeworkjunkie the Chopper, an amateur HOFi (D:6)
  A human (D:9)
  A steam dragon (D:9)
  A wyvern (D:8)
  Edmund (D:4)
  Menkaure (D:4)
  A warg (Orc:1)
  2 sky beasts
  4 orc warriors
  2 black bears (D:7)
  3 ice beasts
  5 ogres
  A phantom (D:5)
  2 necrophages (D:8)
  2 centaurs
  8 big kobolds
  A gnoll sergeant (D:6)
  7 bullfrogs
  3 water moccasin zombies (Ossuary)
  3 scorpions
  4 killer bees
  5 wights (D:9)
  2 howler monkeys (D:8)
  4 crimson imps
  A bullfrog zombie (D:9)
  2 hounds (D:5)
  2 jellies (D:7)
  Crazy Yiuf (D:7)
  6 orc priests
  5 orc wizards
  2 iguanas
  6 worker ants
  2 big kobold zombies (Ossuary)
  2 mummies (Ossuary)
  A hound skeleton (D:4)
  A howler monkey zombie (D:9)
  A worker ant zombie (D:6)
  Robin (D:4)
  18 gnolls
  9 adders
  4 shadow imps
  2 oozes
  6 adder zombies (Ossuary)
  5 worms
  2 dart slugs (D:1)
  7 leopard geckos
  21 orcs
  A ball python (D:5)
  4 giant cockroaches
  8 hobgoblins
  4 jackals (D:4)
  42 kobolds
  6 quokkas
  9 bats
  11 frilled lizards
  2 gnoll zombies (Ossuary)
  9 goblins
  2 hobgoblin zombies (Ossuary)
  9 kobold zombies (Ossuary)
  2 leopard gecko skeletons (D:5)
  A leopard gecko zombie (D:7)
  4 orc zombies (Ossuary)
  A quokka skeleton (D:4)
  11 rats
317 creatures vanquished.

Notes
Turn   | Place    | Note
-------+----------+-------------------------------------------
     0 | D:1      | Romulous the Minotaur Fighter began the quest for the Orb.
     0 | D:1      | Reached XP level 1. HP: 19/19 MP: 0/0
    86 | D:1      | Reached XP level 2. HP: 23/27 MP: 1/1
   426 | D:1      | Reached XP level 3. HP: 33/33 MP: 2/2
   649 | D:2      | Reached skill level 3 in Axes
   689 | D:2      | Reached skill level 1 in Dodging
  1295 | D:3      | You fall through a shaft for 2 floors!
  1295 | D:5      | Entered Level 5 of the Dungeon
  1310 | D:5      | Reached XP level 4. HP: 37/40 MP: 3/3
  1321 | D:4      | Noticed Edmund
  1350 | D:4      | Killed Edmund
  1350 | D:4      | Reached skill level 4 in Axes
  1350 | D:4      | Reached XP level 5. HP: 8/46 MP: 4/4
  1763 | D:3      | Reached skill level 5 in Shields
  1870 | D:3      | Reached XP level 6. HP: 47/53 MP: 5/5
  2056 | D:3      | Noticed Sigmund
  2064 | D:3      | Killed Sigmund
  2064 | D:3      | Reached skill level 5 in Axes
  2064 | D:3      | Reached skill level 5 in Armour
  2317 | D:4      | Reached XP level 7. HP: 60/60 MP: 6/6
  2348 | D:4      | Noticed Robin
  2362 | D:4      | Killed Robin
  2384 | D:4      | Noticed Menkaure
  2390 | D:4      | Killed Menkaure
  2390 | D:4      | Reached skill level 6 in Axes
  2991 | D:4      | Reached skill level 5 in Fighting
  3209 | D:5      | Found a shadowy altar of Dithmenos.
  3219 | D:5      | Reached skill level 7 in Axes
  3257 | D:5      | Noticed Vno's ghost (novice HuFi)
  3316 | D:5      | Killed Vno's ghost
  3316 | D:5      | Reached skill level 8 in Axes
  3316 | D:5      | Reached XP level 8. HP: 68/68 MP: 7/7
  3397 | D:5      | Found a staircase to the Ecumenical Temple.
  3419 | Temple   | Entered the Ecumenical Temple
  3432 | Temple   | Became a worshipper of Warmaster Okawaru
  3814 | D:5      | Reached * piety under Okawaru
  3856 | D:5      | Reached skill level 9 in Axes
  3886 | D:5      | Reached XP level 9. HP: 70/75 MP: 8/8
  4453 | D:6      | Found a glowing golden altar of the Shining One.
  4621 | D:6      | Noticed homeworkjunkie's ghost (amateur HOFi)
  4633 | D:6      | Killed homeworkjunkie's ghost
  4633 | D:6      | Reached ** piety under Okawaru
  4830 | D:6      | Reached skill level 10 in Axes
  5261 | D:7      | Noticed Prince Ribbit
  5418 | D:7      | HP: 3/78 [killer bee (4)]
  5424 | D:7      | HP: 3/78 [poisoned by a killer bee]
  5427 | D:7      | HP: 1/78 [killer bee (2)]
  5441 | D:6      | HP: 1/78 [killer bee (4)]
  5876 | D:6      | Reached skill level 1 in Stealth
  5906 | D:6      | Reached *** piety under Okawaru
  6319 | D:7      | Killed Prince Ribbit
  6319 | D:7      | Reached skill level 11 in Axes
  6328 | D:7      | Noticed a two-headed ogre
  6334 | D:7      | Killed a two-headed ogre
  6334 | D:7      | Reached **** piety under Okawaru
  6334 | D:7      | Reached XP level 10. HP: 53/86 MP: 9/9
  6817 | D:7      | Found a runed door.
  7355 | D:7      | Noticed Crazy Yiuf
  7358 | D:7      | Killed Crazy Yiuf
  7578 | D:8      | Found a sand-covered staircase.
  7583 | Ossuary  | Entered an ossuary
  7960 | D:8      | Reached skill level 12 in Axes
  7990 | D:8      | Reached skill level 10 in Shields
  8110 | D:8      | Reached ***** piety under Okawaru
  8280 | D:8      | Found a shimmering altar of Xom.
  8658 | D:9      | Received a gift from Okawaru
  8903 | D:9      | Found a staircase to the Orcish Mines.
  9447 | D:9      | Reached skill level 13 in Axes
  9447 | D:9      | Reached XP level 11. HP: 80/95 MP: 10/10
  9531 | D:9      | Found Goschirr's Magic Scroll Boutique.
  9615 | D:9      | Found a hazy altar of Hepliaklqana.
  9653 | D:9      | Found a basalt altar of Yredelemnul.
  9655 | D:9      | Found a stormy altar of Qazlal.
  9907 | Orc:1    | Entered Level 1 of the Orcish Mines
 10002 | Orc:1    | Noticed Erica
 10053 | Orc:1    | Killed Erica
 10053 | Orc:1    | Received a gift from Okawaru
 10281 | Orc:1    | Noticed an orc high priest
 10283 | Orc:1    | Noticed a soul eater
 10292 | Orc:1    | Noticed a sixfirhy
 10595 | D:9      | Bought a scroll of acquirement for 728 gold pieces
 10741 | Orc:1    | Noticed Harold
 10762 | Orc:1    | Killed Harold
 10881 | Orc:1    | Noticed Urug
 10894 | Orc:1    | Killed Urug
 11023 | Orc:2    | Entered Level 2 of the Orcish Mines
 11030 | Orc:2    | Noticed an orc knight
 11049 | Orc:1    | Hit by a large rock thrown by a cyclops

Skill      XL: |  1  2  3  4  5  6  7  8  9 10 11 |
---------------+----------------------------------+-----
Fighting       | 4 5 6 7 8 9 |  9.1
Armour         | 4 5 6 7 8 |  8.3
Axes           | 3 4 5 8 9 11 13 | 13.8
Dodging        | 1 2 3 4 |  4.7
Shields        | 4 5 6 7 8 9 10 11 | 11.2
Stealth        | 1 2 |  2.0
Evocations     | |  0.1

Action                   |  1- 3 |  4- 6 |  7- 9 | 10-12 || total
-------------------------+-------+-------+-------+-------++-------
Melee: War axe           |   105 |   114 |    96 |       ||   315
       Headbutt          |    19 |    13 |    59 |    57 ||   148
       Broad axe         |       |       |   268 |   324 ||   592
Evoke: Wand              |       |       |     3 |       ||     3
  Use: Scroll            |       |     2 |     6 |     7 ||    15
  Eat: Royal jelly       |     1 |     1 |     1 |     1 ||     4
       Chunk             |       |     1 |     3 |     2 ||     6
       Fruit             |       |       |     1 |     2 ||     3
       Bread ration      |       |       |     2 |     2 ||     4
Armor: Scale mail        |    51 |    45 |   120 |    48 ||   264
       Chain mail        |       |       |       |    22 ||    22
Dodge: Dodged            |    28 |    19 |   122 |    73 ||   242
Block: Shield            |    33 |       |       |       ||    33
       Large shield      |    41 |   116 |   379 |   285 ||   821
